 Dungeon Crawl Stone Soup version 0.26-a0-597-gb535b0901c (webtiles) character file.

Game seed: 16233120650980453800

18 Alarkh the Insei (level 2, -1/21 HPs)
             Began as a Demonspawn Transmuter on Aug 31, 2020.
             Slain by a scorpion (3 damage)
             ... on level 2 of the Dungeon.
             The game lasted 00:01:26 (589 turns).

Alarkh the Insei (Demonspawn Transmuter)             Turns: 589, Time: 00:01:27

Health: -1/21      AC:  2    Str: 10    XL:     2   Next: 48%
Magic:  5/5        EV: 12    Int: 14    God:
Gold:   111        SH:  0    Dex: 13    Spells: 4/5 levels left

rFire    . . .     SeeInvis .     - Unarmed
rCold    . . .     Faith    +   (no shield)
rNeg     . . .     Spirit   .   a - +0 robe
rPois    .         Reflect  .   (helmet currently unavailable)
rElec    .         Harm     .   (no cloak)
rCorr    .                      (no gloves)
MR       +....                  (boots currently unavailable)
Stlth    +.........             h - amulet of faith
HPRegen  0.07/turn              f - ring of protection from magic
MPRegen  0.09/turn              (no ring)

@: brilliant, lethally poisoned (-1 -> -14), appendages (expiring)
A: horns 1, talons 2
a: End Transformation


You were on level 2 of the Dungeon.
You had grown temporary talons.
You visited 1 branch of the dungeon, and saw 2 of its levels.

You collected 111 gold pieces.

Inventory:

Armour
 a - a +0 robe (worn)
Jewellery
 f - a ring of protection from magic (left hand)
 h - an amulet of faith (around neck)
Scrolls
 b - 2 scrolls of fear {unknown}
 c - a scroll of immolation {unknown}
 e - 3 scrolls of identify {unknown}
 g - a scroll of fog {unknown}
Potions
 i - a potion of brilliance


   Skills:
 + Level 1.3 Fighting
 - Level 1.7 Dodging
 * Level 3.0 Unarmed Combat
 + Level 2.2 Spellcasting
 + Level 2.0 Transmutations


You had 4 spell levels left.
You knew the following spells:

 Your Spells              Type           Power        Failure   Level
a - Beastly Appendage     Tmut           ##....       10%         1

Your spell library contained the following spells:

 Spells                   Type           Power        Failure   Level
 Wereblood                Tmut           ##......     16%         2
 Spider Form              Tmut/Pois      #.........   43%         3
 Ice Form                 Ice/Tmut       #.......     83%         4
 Blade Hands              Tmut           ##........   95%         5


Dungeon Overview and Level Annotations

Branches:
Dungeon (2/15)

Altars:
Okawaru


Innate Abilities, Weirdness & Mutations

You have a pair of small horns on your head.
You have razor-sharp toenails.


Message History

Your transformation is almost over.
You feel sick. The scorpion closely misses you.
You hit the scorpion.
The scorpion is heavily wounded.
You feel sick. The scorpion stings you.
You hit the scorpion but do no damage.
The scorpion is heavily wounded.
The scorpion stings you!
* * * LOW HITPOINT WARNING * * *
You are more poisoned.
The scorpion poisons you!
You hit the scorpion but do no damage. Your kick misses the scorpion.
The scorpion is heavily wounded.
* * * LOW HITPOINT WARNING * * *
You feel sick. The scorpion barely misses you.
You hit the scorpion.
The scorpion is severely wounded.
* * * LOW HITPOINT WARNING * * *
You feel sick. The scorpion stings you.
You die...

#.##.....## #.# ####.###...##
####.#### #......##### #.......#
#......##.# #.##[##.#
########.[###.##.#####.##.##.###
................................
.#######..###.#.######.###.#.###
#......#.# #.##....# #......#@#
#.......# ########s# ####...##
... #...# ..... #...# .......
#...# #.......# #........ .
.?........ ... ...


You could see a scorpion.

Vanquished Creatures
  5 bats
  A giant cockroach (D:1)
  4 goblins (D:1)
  3 kobolds (D:1)
  A frilled lizard (D:1)
  2 rats
16 creatures vanquished.

Notes
Turn   | Place    | Note
-------+----------+-------------------------------------------
     0 | D:1      | Alarkh the Demonspawn Transmuter began the quest for the
                  | Orb.
     0 | D:1      | Reached XP level 1. HP: 15/15 MP: 3/3
   196 | D:1      | Mutation became permanent: You have a pair of small horns
                  | on your head. [demonic ancestry]
   196 | D:1      | Gained mutation: You have a pair of horns on your head.
                  | [demonic ancestry]
   196 | D:1      | Reached XP level 2. HP: 14/21 MP: 3/5
   223 | D:1      | Reached skill level 3 in Unarmed Combat
   559 | D:2      | Found an iron altar of Okawaru.
   576 | D:2      | Noticed a scorpion
   589 | D:2      | Slain by a scorpion

Illustrated notes

Levels and vault maps discovered:
D:1:      lightli_arrival_quake, layout_rooms
D:2:      layout_loops_cross, lemuel_round_altar,
          chequers_ecumenical_altar_twisty, serial_forest,
          infiniplex_forest_straight_2, infiniplex_forest_lined_corner,
          infiniplex_forest_clump_long, infiniplex_forest_clump_curved,
          infiniplex_forest_end_3, infiniplex_forest_corner_1,
          infiniplex_forest_lined_room_2, bh_walls_and_bars, uniq_jessica

Skill      XL: |  1  2 |
---------------+-------+-----
Unarmed Combat | 3 |  3.0
Transmutations | 2 |  2.0
Fighting       | |  1.3
Dodging        | |  1.7
Spellcasting   | |  2.2

Action                   || total
-------------------------++-------
Melee: Unarmed           ||    81
       Headbutt          ||     5
       Kick              ||     3
 Cast: Beastly Appendage ||     7
  Use: Potion            ||     3
Armor: Robe              ||    27
Dodge: Dodged            ||    67

Table legend: (Time is in decaauts)
 A = Elapsed time spent in this place.
 B = Non-inter-level travel time spent in this place.
 C = Inter-level travel time spent in this place.
 D = Time resting spent in this place.
 E = Time spent auto-exploring this place.
 F = Levels seen in this place.
 G = Mean time per level.
                   A        B        C        D        E       F      G
               +--------+--------+--------+--------+--------+-----+--------+
         Total |    584 |    557 |     27 |      0 |    400 |   2 |  292.0 |
       Dungeon |    584 |    557 |     27 |      0 |    400 |   2 |  292.0 |
               +--------+--------+--------+--------+--------+-----+--------+

Top non-repeatable levels by time:
     D:1: 483 daAuts
     D:2: 101 daAuts
